 Dungeon Crawl Stone Soup version 0.21-a0-200-gb89f83b (webtiles) character file.

37156 MackTheKnife the Unseen (level 13, -5/101 HPs)
             Began as a Vampire Enchanter on Aug 16, 2017.
             Was an Initiate of Gozag.
             Slain by a stone giant (41 damage)
             ... on level 1 of the Orcish Mines.
             The game lasted 00:58:20 (18551 turns).

MackTheKnife the Unseen (Vampire Enchanter)        Turns: 18551, Time: 00:58:21

Health: -5/101     AC:  0    Str:  7    XL:     13   Next: 56%
Magic:  10/23      EV: 31    Int: 21    God:    Gozag
Gold:   1309       SH:  0    Dex: 21    Spells: 13/25 levels left

rFire    . . .     SeeInvis +   (weapon currently unavailable)
rCold    + . .     Gourm    .   (shield currently unavailable)
rNeg     + + .     Faith    .   (armour currently unavailable)
rPois    +         Spirit   .   (helmet currently unavailable)
rElec    .         Reflect  .   (cloak currently unavailable)
rCorr    .         Harm     .   (gloves currently unavailable)
MR       +....                  (boots currently unavailable)
Stlth    +++++++++.             m - amulet of magic regeneration
HPRegen  0.13/turn              (ring currently unavailable)
MPRegen  0.43/turn              (ring currently unavailable)

@: bat-form, flying, regenerating slowly, very quick
A: fangs 3, see invisible
a: End Transformation, Potion Petition, Call Merchant, Bribe Branch, Renounce
Religion


You were on level 1 of the Orcish Mines.
You worshipped Gozag.
Gozag was most pleased with you.
You were thirsty.
You were in vampire-bat-form.
You visited 4 branches of the dungeon, and saw 19 of its levels.
You also visited: Volcano.

You collected 4199 gold pieces.
You spent 181 gold pieces at shops.
You paid 2709 gold pieces to Gozag.

Inventory:

Hand Weapons
 a - a +3 dagger of draining (melded)
   (You took it off an orc wizard on level 10 of the Dungeon)
Missiles
 D - 3 throwing nets {=f, !d}
Armour
 b - a +2 leather armour of fire resistance (melded)
   (You found it in a volcano)
 v - a +0 buckler (melded)
   (You found it on level 4 of the Dungeon)
 w - a +2 pair of boots (melded)
   (You found it on level 4 of the Dungeon)
 M - a +1 helmet of see invisible (melded)
   (You found it on level 6 of the Lair of Beasts)
 N - a scarf of repulsion (melded)
   (You found it on level 4 of the Lair of Beasts)
 P - a +1 pair of gloves of dexterity (melded)
   (You bought it in a shop on level 5 of the Lair of Beasts)
Jewellery
 m - an amulet of magic regeneration (around neck)
   (You found it on level 7 of the Dungeon)
 p - a +2 ring of strength (melded)
   (You found it on level 9 of the Dungeon)
 q - an uncursed ring of protection from cold {rC+, !d}
   (You found it on level 3 of the Dungeon)
 y - a ring of wizardry (melded) {Wiz+, !d}
   (You found it on level 5 of the Dungeon)
 L - an uncursed amulet of regeneration {unknown}
   (You found it on level 4 of the Lair of Beasts)
Wands
 r - a wand of paralysis (12/24)
   (You found it on level 10 of the Dungeon)
 t - a wand of lightning (7/15)
   (You found it on level 8 of the Dungeon)
 x - a wand of polymorph (14/24)
   (You found it on level 6 of the Lair of Beasts)
 A - a wand of iceblast (3/15)
   (You found it on level 7 of the Dungeon)
 B - a wand of enslavement (11/24)
   (You found it on level 8 of the Dungeon)
 I - a wand of iceblast (7/15)
   (You found it on level 6 of the Dungeon)
 S - a wand of disintegration (10/24)
   (You found it on level 11 of the Dungeon)
Scrolls
 d - 5 scrolls of remove curse
 g - 5 scrolls of teleportation
 h - a scroll of amnesia
 l - a scroll of magic mapping {!r}
 s - 2 scrolls of identify
 F - 2 scrolls of enchant armour
 H - 4 scrolls of fog
 R - a scroll of blinking {!r}
Potions
 e - 6 potions of curing
 f - 3 potions of flight {unknown}
 i - 6 potions of agility
 j - 2 potions of might
 n - 2 potions of resistance
 o - 3 potions of mutation {unknown}
 u - 2 potions of magic {unknown}
 z - 5 potions of invisibility
 C - 3 potions of heal wounds
 E - 2 potions of brilliance
 J - a potion of haste {unknown}
 K - a potion of lignification {unknown}
Books
 c - a book of Maledictions
 k - a book of Necromancy
   (You found it on level 4 of the Dungeon)
 O - a book of the Sky
   (You found it on level 6 of the Lair of Beasts)
Miscellaneous
 G - a box of beasts


   Skills:
 + Level 9.4 Fighting
 - Level 9.1 Short Blades
 - Level 10.4 Dodging
 - Level 16.1 Stealth
 - Level 5.2 Shields
 - Level 6.6 Spellcasting
 - Level 13.5 Hexes
 - Level 5.1 Necromancy
 - Level 0.4 Ice Magic


You had 13 spell levels left.
You knew the following spells:

 Your Spells              Type           Power        Failure   Level  Hunger
b - Animate Dead          Necr           N/A          11%         4    ###....
c - Confuse               Hex            ######..     1%          3    #......
r - Regeneration          Chrm/Necr      ###.......   10%         3    #......
z - Ensorcelled Hibernat  Hex/Ice        #####.       1%          2    None


Dungeon Overview and Level Annotations

Branches:
Dungeon (11/15)            Temple (1/1) D:6            Lair (6/6) D:10
 Shoals (0/4) Lair:3       Spider (0/4) Lair:3        Slime (0/5) Lair:6
    Orc (1/2) D:11

Altars:
Ashenzari
Cheibriados
Dithmenos
Elyvilon
Fedhas
Gozag
Hepliaklqana
Kikubaaqudgha
Makhleb
Nemelex Xobeh
Okawaru
Qazlal
Ru
Sif Muna
Trog
Uskayaw
Vehumet
Wu Jian
Xom
Yredelemnul
Zin
The Shining One
Jiyva

Shops:
D:5 }   D:10 [   Orc:1 =   Lair:4 *   Lair:5 [

Annotations:
D:4 exclusion: downstairs
D:6 exclusion: Prince Ribbit, Dowan, Duvessa, Prince Ribbit
D:7 1 runed door
D:9 Graouh's ghost, novice MiFi
Lair:1 exclusion: hydra
Lair:3 exclusion: Sonja, Sonja
Lair:6 exclusion: ice statue


Innate Abilities, Weirdness & Mutations

You heal slowly.
You have razor-sharp teeth.
You have supernaturally acute eyesight. (SInv)
((You can survive without breathing.))


Message History

Okay, then.
Aim: an orc priest, wielding a war axe and wearing a ring mail (chance to defeat MR: 76%)
The orc priest appears confused.
The orc priest shouts!
You now have 12/23 mp.
Aim: a stone giant (chance to defeat MR: 26%)
Okay, then.
Aim: a stone giant (chance to defeat MR: 6%)
Okay, then.
Aim: an orc priest, wielding a war axe and wearing a ring mail (confused, chance to defeat MR: 76%)
The orc priest appears confused.
You now have 10/23 mp.
The orc priest is no longer distracted by gold.
The orc priest is distracted by the nearby gold.
The stone giant hits you but does no damage.
You climb upwards.
Welcome back to the Dungeon!
There is a staircase to the Orcish Mines here.
Okay, then.
Aim: a stone giant (chance to defeat MR: 26%)
The stone giant easily resists.
The stone giant hits you!!
You take 19 damage, and have 74/101 hp.
You now have 8/23 mp.
Okay, then.
The stone giant is distracted by your gold.
You climb downwards.
Welcome back to the Orcish Mines!
The orc priest looks satisfied for a moment.
There is a staircase back to the Dungeon here.
You see here a large rock {!d}.
You catch the helpless stone giant completely off-guard!
You bite the stone giant, and draw its blood!
You feel better.
You feel slightly less thirsty.
You spit the stone giant like a pig!!!
The stone giant is no longer distracted by gold.
You regained 13 hp, and now have 87/101 hp.
The orc priest is no longer distracted by gold.
The orc priest invokes the aid of Beogh against you.
Beogh smites you!
You see here 6 gold pieces.
You take 12 damage, and have 75/101 hp.
Aim: an orc priest, wielding a flail and wearing a ring mail (chance to defeat MR: 76%)
The orc priest appears confused.
The stone giant closely misses you.
You now have 7/23 mp.
Unknown command.
The orc priest closely misses you.
Aim: an orc priest, wielding a flail and wearing a ring mail (confused, chance to defeat MR: 64%)
Okay, then.
You hit the orc priest. You drain the orc priest!
You bite the orc priest, but do no damage.
You hit the orc priest but do no damage.
You drain the orc priest! You barely miss the orc priest.
The orc priest closely misses you. The stone giant hits you!!
You take 29 damage, and have 47/101 hp.
MASSIVE DAMAGE!!
You see here a giant club.
The orc priest hits the orc priest but does no damage.
The orc priest calls upon Beogh to heal the orc priest.
The orc priest is healed somewhat.
The orc priest barely misses the orc priest.
Aim: an orc priest, wielding a flail and wearing a ring mail (moderately wounded, confused, heavily drained, chance to defeat MR: 84%)
The stone giant easily resists.
The orc priest calls upon Beogh to heal the orc priest.
The orc priest's wounds heal themselves!
You now have 8/23 mp.
Aim: a stone giant (heavily wounded, chance to defeat MR: 26%)
The stone giant easily resists.
The stone giant misses you.
You now have 6/23 mp.
Unknown command.
Okay, then.
The orc priest closely misses you.
The orc priest casts a cantrip, but nothing happens.
You see here 6 gold pieces.
You hit the orc priest. You drain the orc priest!
The orc priest hits you with a war axe.
The orc priest invokes the aid of Beogh against you.
Beogh smites you!
Things that are here:
7 gold pieces; a dyed leather armour; a flail You take 12 damage, and have 36/101 hp.
There is a stone staircase leading down, spattered with blood here.
Things that are here:
a robe; a dagger; 5 gold pieces The orc priest hits the orc priest with a flail.
The orc priest seems less confused.
You turn into a vampire bat.
Your +3 dagger of draining melds into your body.
Your scarf of repulsion melds into your body.
Your +1 helmet of see invisible melds into your body.
Your +1 pair of gloves of dexterity melds into your body.
Your +2 pair of boots melds into your body.
Your +0 buckler melds into your body.
Your +2 leather armour of fire resistance melds into your body.
Your +2 ring of strength melds into your body.
Your ring of wizardry {Wiz+, !d} melds into your body.
The haze of the repulsion field disappears.
You feel clumsy.
You feel less resistant to fire.
You feel weaker. The stone giant hits you!!!
You die...
Your body crumbles into a pile of gold.

##...##.####.........)###
.....#...##........(....##
......#.##.........o$).).###
......###....$.#...oo..[...#**
.....∩.###........)>.........#*
......## ###.....#...(#.......#
....### #...#.#.........#.$##
...## ****##.#..C............#*
....#**,**,###..b..#...#..#...#
....#..,,,,,#..$......#####.$##
........,.............#,**,,.#
#.....#..........#...#..,**,**
....###*,#..........##..#****
...## **#...........,,.# ....#
##..#....#...,** ##..#**
#...#......##* *....**
**,**,,,,,**


You could see a stone giant and 3 orc priests.

Vanquished Creatures
  Nessos (Lair:5)
  3 hydras
  8 two-headed ogres
  A death yak (Lair:4)
  An ogre mage (Volcano)
  Nergalle (Lair:3)
  2 wolf spiders (Lair:6)
  An ugly thing (D:11)
  2 cyclopes (D:11)
  2 merfolk sirens (Lair:3)
  A guardian serpent (Lair:5)
  8 black mambas (Lair:6)
  A torpor snail (Lair:4)
  Joseph (D:7)
  7 spiny frogs
  3 komodo dragons
  A rime drake (Lair:3)
  2 trolls
  3 jumping spiders (Lair:3)
  8 polar bears
  3 merfolk
  A hornet (Lair:6)
  2 dream sheep (Lair:5)
  5 blink frogs
  3 redbacks
  2 hippogriffs (Lair:4)
  13 wyverns
  2 wraiths
  6 yaks
  A basilisk (Lair:5)
  A warg (Orc:1)
  5 porcupines
  14 water moccasins
  14 orc warriors
  A hornet zombie (D:9)
  11 black bears
  4 ice beasts
  A sky beast (D:5)
  2 eyes of draining
  A necrophage (D:4)
  2 phantoms
  6 wolves
  5 ogres
  3 centaurs
  14 crocodiles
  9 bullfrogs
  3 scorpions
  A wyvern skeleton (D:7)
  3 wights (D:11)
  4 electric eels
  5 crimson imps
  A centaur zombie (D:5)
  5 hounds
  A jelly (D:11)
  17 orc priests
  A bullfrog skeleton (D:11)
  15 orc wizards
  A gnoll shaman (D:10)
  6 iguanas
  2 worker ants (D:4)
  A hell rat (D:10)
  A killer bee zombie (D:5)
  2 hound skeletons
  7 adders
  6 gnolls
  A howler monkey skeleton (D:4)
  A river rat (D:4)
  4 white imps (Lair:6)
  3 oozes
  2 adder skeletons
  2 worms
  2 dart slugs
  5 leopard geckos
  63 orcs
  9 bats
  4 giant cockroaches
  5 goblins
  8 hobgoblins
  7 jackals
  5 quokkas
  4 ball pythons
  9 frilled lizards
  12 kobolds
  3 leopard gecko skeletons
  14 rats
  A fungus (Lair:6)
434 creatures vanquished.

Vanquished Creatures (others)
  A bush (Lair:6)
  26 fungi
  21 plants (Lair:6)
48 creatures vanquished.

Grand Total: 482 creatures vanquished

Notes
Turn   | Place    | Note
-------+----------+-------------------------------------------
     0 | D:1      | MackTheKnife the Vampire Enchanter began the quest for the Orb.
     0 | D:1      | Reached XP level 1. HP: 13/13 MP: 3/3
    43 | D:1      | Reached skill level 5 in Stealth
   322 | D:1      | Reached XP level 2. HP: 19/19 MP: 5/5
   342 | D:1      | Learned a level 2 spell: Ensorcelled Hibernation
   693 | D:1      | Reached skill level 6 in Stealth
   693 | D:1      | Reached XP level 3. HP: 24/24 MP: 3/6
   732 | D:2      | Learned a level 3 spell: Confuse
   792 | D:2      | You fall through a shaft for 2 floors!
   797 | D:4      | Reached skill level 5 in Hexes
   915 | D:3      | Reached XP level 4. HP: 30/30 MP: 7/7
  1116 | D:2      | Reached skill level 7 in Stealth
  2353 | D:3      | Found an iron altar of Okawaru.
  2400 | D:3      | Reached skill level 6 in Hexes
  3125 | D:3      | Reached XP level 5. HP: 35/35 MP: 8/8
  4221 | D:4      | Reached skill level 8 in Stealth
  4503 | D:4      | Noticed a phantom
  4527 | D:4      | Reached skill level 2 in Short Blades
  4567 | D:4      | Noticed a phantom
  4627 | D:4      | Killed a phantom
  4627 | D:4      | Reached skill level 3 in Short Blades
  4627 | D:4      | Reached XP level 6. HP: 35/41 MP: 4/9
  4718 | D:4      | Reached skill level 1 in Fighting
  4834 | D:4      | Reached skill level 4 in Short Blades
  4842 | D:4      | Learned a level 1 spell: Animate Skeleton
  5642 | D:4      | Reached skill level 2 in Fighting
  5689 | D:4      | Reached XP level 7. HP: 33/50 MP: 0/10
  5886 | D:5      | Entered Level 5 of the Dungeon
  6119 | D:5      | Reached skill level 7 in Hexes
  6375 | D:5      | Found Othoac's Gadget Boutique.
  6463 | D:5      | Found a blossoming altar of Fedhas.
  6480 | D:5      | Reached skill level 9 in Stealth
  6480 | D:5      | Reached skill level 3 in Spellcasting
  6694 | D:5      | Reached skill level 8 in Hexes
  6813 | D:6      | Found a staircase to the Ecumenical Temple.
  6841 | Temple   | Entered the Ecumenical Temple
  7006 | Temple   | Became a worshipper of Gozag Ym Sagoz the Greedy
  7086 | D:6      | Noticed Dowan
  7116 | D:6      | Noticed Duvessa
  7287 | D:6      | Found a glowing silver altar of Zin.
  7292 | D:6      | Found a bloodstained altar of Trog.
  7303 | D:6      | Found an ornate altar of the Wu Jian Council.
  7320 | D:6      | Noticed Prince Ribbit
  7334 | D:6      | Found a shattered altar of Ashenzari.
  7339 | D:6      | Got a steaming war axe
  7712 | D:6      | Reached XP level 8. HP: 56/56 MP: 7/13
  7817 | D:7      | Reached skill level 10 in Stealth
  7861 | D:7      | Reached skill level 4 in Spellcasting
  8026 | D:7      | Noticed Joseph
  8048 | D:7      | Found a deep blue altar of Sif Muna.
  8192 | D:7      | Got an ichor-stained trident
  8280 | D:7      | Found a runed door.
  8531 | D:7      | Killed Joseph
  8531 | D:7      | Reached skill level 3 in Shields
  8576 | D:7      | Reached skill level 4 in Shields
  8930 | D:8      | Reached XP level 9. HP: 59/61 MP: 12/15
  9160 | D:8      | Found a hazy altar of Hepliaklqana.
  9179 | D:8      | Reached skill level 5 in Shields
  9512 | D:9      | Noticed Graouh's ghost (novice MiFi)
  9682 | D:9      | Noticed a troll
  9689 | D:9      | Killed a troll
  9689 | D:9      | Reached skill level 3 in Fighting
  9780 | D:9      | Reached skill level 4 in Fighting
 10098 | D:9      | Reached skill level 5 in Fighting
 10307 | D:10     | Entered Level 10 of the Dungeon
 10329 | D:10     | Noticed a freezing wraith
 10452 | D:10     | Noticed a death yak
 10466 | D:10     | Noticed a death yak
 10574 | D:10     | Reached skill level 9 in Hexes
 10693 | D:10     | Noticed a rakshasa
 10973 | D:10     | Reached skill level 11 in Stealth
 11232 | D:10     | Noticed a death yak
 11299 | D:10     | Found a staircase to the Lair.
 11362 | D:10     | Reached skill level 10 in Hexes
 11431 | Lair:1   | Entered Level 1 of the Lair of Beasts
 11536 | Lair:1   | Noticed a spiny frog
 11543 | Lair:1   | Killed a spiny frog
 11593 | Lair:1   | Reached XP level 10. HP: 54/74 MP: 16/16
 11615 | Lair:1   | Reached skill level 12 in Stealth
 11634 | Lair:1   | Reached skill level 11 in Hexes
 11893 | Lair:1   | Reached skill level 13 in Stealth
 11941 | Lair:1   | Reached skill level 12 in Hexes
 11996 | Lair:1   | Noticed an eight-headed hydra
 12975 | Lair:2   | Reached skill level 14 in Stealth
 13170 | Lair:3   | Noticed Nergalle
 13174 | Lair:3   | Killed Nergalle
 13174 | Lair:3   | Reached skill level 5 in Spellcasting
 13241 | Lair:3   | Found a hole to the Spider Nest.
 13255 | Lair:3   | Reached skill level 13 in Hexes
 13258 | Lair:3   | Reached XP level 11. HP: 22/80 MP: 13/19
 13273 | Lair:3   | Noticed a seven-headed hydra
 13278 | Lair:3   | Killed a seven-headed hydra
 13434 | Lair:3   | HP: 15/80 [jumping spider (17)]
 13478 | Lair:3   | Noticed Sonja
 13711 | Lair:3   | Reached skill level 6 in Spellcasting
 13755 | Lair:3   | Found a staircase to the Shoals.
 13760 | Lair:3   | HP: 6/80 [merfolk/trident (16)]
 13761 | Lair:3   | HP: 2/80 [merfolk/trident (4)]
 13843 | Lair:4   | Noticed a death yak
 13848 | Lair:4   | Killed a death yak
 13848 | Lair:4   | Reached skill level 15 in Stealth
 13917 | Lair:4   | Learned a level 4 spell: Animate Dead
 13921 | Lair:4   | Learned a level 3 spell: Regeneration
 14054 | Lair:4   | Reached skill level 1 in Necromancy
 14101 | Lair:4   | Reached skill level 2 in Necromancy
 14116 | Lair:4   | Reached skill level 3 in Necromancy
 14171 | Lair:4   | HP: 15/80 [komodo dragon (31)]
 14180 | Lair:4   | Reached skill level 4 in Necromancy
 14506 | Lair:4   | Identified a scroll of acquirement
 14732 | Lair:4   | Reached skill level 5 in Necromancy
 14830 | Lair:5   | Noticed Nessos
 14932 | Lair:5   | Reached skill level 16 in Stealth
 15003 | Lair:5   | Noticed a four-headed hydra
 15010 | Lair:5   | Killed a four-headed hydra
 15010 | Lair:5   | Reached skill level 4 in Dodging
 15250 | Lair:5   | Reached skill level 5 in Dodging
 15279 | Lair:5   | Reached XP level 12. HP: 63/86 MP: 12/22
 15321 | Lair:6   | Entered Level 6 of the Lair of Beasts
 15354 | Lair:6   | Reached skill level 6 in Dodging
 15449 | Lair:6   | Reached skill level 7 in Dodging
 15492 | Lair:6   | Found a hide-covered altar of Uskayaw.
 15527 | Lair:6   | Found a viscous altar of Jiyva.
 15528 | Lair:6   | Found a staircase to the Slime Pits.
 15548 | Lair:6   | Reached skill level 6 in Fighting
 15623 | Lair:6   | Reached skill level 8 in Dodging
 15716 | Lair:6   | Reached skill level 7 in Fighting
 15723 | Lair:6   | Reached skill level 9 in Dodging
 15794 | Lair:6   | Noticed an eight-headed hydra
 15821 | Lair:6   | Killed an eight-headed hydra
 15971 | Lair:5   | HP: 21/92 [guardian serpent (14)]
 16362 | Lair:6   | Reached skill level 8 in Fighting
 16683 | Lair:5   | Killed Nessos
 16683 | Lair:5   | Reached skill level 10 in Dodging
 16755 | Lair:5   | Bought a +1 pair of gloves of dexterity for 181 gold pieces
 16812 | Lair:3   | Reached XP level 13. HP: 99/99 MP: 9/23
 17095 | D:11     | Reached skill level 5 in Short Blades
 17426 | D:11     | Reached skill level 6 in Short Blades
 17500 | D:11     | Found a staircase to the Orcish Mines.
 17525 | Orc:1    | Entered Level 1 of the Orcish Mines
 17564 | Orc:1    | Found Medogiz's Jewellery Shop.
 17625 | Orc:1    | Found a dark tunnel.
 17631 | Volcano  | Entered a volcano
 17637 | Volcano  | Reached skill level 7 in Short Blades
 17686 | Volcano  | Reached skill level 8 in Short Blades
 17831 | Orc:1    | Reached skill level 9 in Short Blades
 18025 | D:11     | Reached skill level 9 in Fighting
 18367 | D:11     | Found a sacrificial altar of Ru.
 18501 | Orc:1    | Noticed a stone giant
 18551 | Orc:1    | Slain by a stone giant

Vault maps used:
D:1:      dpeg_arrival_arbitrary_c
D:2:      nicolae_underground_beach
D:3:      nicolae_overflow_crystal_walls, minmay_randomly_rotated_circles
D:4:      portal_sewer_entry_b, first_bread, minmay_surrounded
D:5:      serial_shops, shop, fedhas_bush_and_centaur_altar
D:6:      grunt_temple_overflow_open, minmay_temple_entry_junction,
          nicolae_ashenzari_panopticon, uniq_prince_ribbit1, uniq_duvessa
D:7:      led_sif_book, uniq_joseph, uniq_crazy_yiuf_cottage
D:8:      lemuel_coloured_pillars_altar
D:10:     minmay_bloctagon_deflated, dpeg_lair_monsters
D:11:     erik_orc_2, hangedman_fish_farm, lemuel_tele_altar
Temple:   regret_index_temple_sphere_string
Lair:1:   beast_lair_carwin_large_4, st_stairs_12, patterned_corridor
Lair:2:   lemuel_fruit_tree, grunt_megastairs_3
Lair:3:   elwin_shoals_entry_stream, spider_nest_entry_funnel_web,
          uniq_nergalle, uniq_sonja
Lair:4:   grunt_forest_small_clearing_treed, serial_bayou_shore_a,
          grunt_megastairs_1
Lair:5:   serial_bayou_shore_b, lemuel_fruit_fields, uniq_nessos
Lair:6:   hangedman_lair_tendril_chambers, guppyfry_lair_end_dragon,
          slime_altar_1, basic_altar, ice2_lemuel
Orc:1:    enter_volcano_2, serial_shops, shop
Volcano:  volcano_caves

Skill      XL: |  1  2  3  4  5  6  7  8  9 10 11 12 13 |
---------------+----------------------------------------+-----
Stealth        | 5 6 7 8 9 10 11 14 16 | 16.1
Hexes          | 5 6 8 10 13 | 13.5
Short Blades   | 3 4 9 |  9.1
Fighting       | 2 5 8 9 |  9.4
Spellcasting   | 3 4 5 6 |  6.6
Shields        | 4 5 |  5.2
Necromancy     | 5 |  5.1
Dodging        | 5 10 | 10.4
Ice Magic      | |  0.4

Action                   |  1- 3 |  4- 6 |  7- 9 | 10-12 | 13-15 || total
-------------------------+-------+-------+-------+-------+-------++-------
Melee: Dagger            |    66 |   230 |   258 |   334 |   275 ||  1163
       Bite              |     2 |    23 |    31 |    28 |    29 ||   113
 Cast: Ensorcelled Hiber |     2 |    48 |    46 |   111 |    53 ||   260
       Confuse           |       |    13 |    63 |    75 |    53 ||   204
       Regeneration      |       |       |       |     1 |       ||     1
Invok: Call Merchant     |       |       |     1 |     2 |       ||     3
 Abil: Bat Form          |       |     5 |     7 |     4 |     2 ||    18
       End Transformatio |       |     5 |     7 |     4 |     1 ||    17
Evoke: Wand              |       |       |     2 |       |       ||     2
  Use: Potion            |     1 |    15 |     7 |     3 |     2 ||    28
       Scroll            |       |     7 |    14 |     9 |     1 ||    31
 Stab: Sleeping          |    14 |    50 |    41 |    81 |    40 ||   226
       Confused          |       |     5 |    21 |    44 |    15 ||    85
       Distracted        |       |       |     1 |     3 |     7 ||    11
Armor: Robe              |    15 |    40 |    44 |    57 |     9 ||   165
       Leather armour    |       |       |       |       |    19 ||    19
Dodge: Dodged            |    48 |   105 |   115 |   178 |   110 ||   556
       Deflected         |       |       |       |       |     4 ||     4
Block: Buckler           |       |       |    25 |    80 |    47 ||   152

Vault maps used:
D:1:      dpeg_arrival_arbitrary_c
D:2:      nicolae_underground_beach
D:3:      nicolae_overflow_crystal_walls, minmay_randomly_rotated_circles
D:4:      portal_sewer_entry_b, first_bread, minmay_surrounded
D:5:      serial_shops, shop, fedhas_bush_and_centaur_altar
D:6:      grunt_temple_overflow_open, minmay_temple_entry_junction,
          nicolae_ashenzari_panopticon, uniq_prince_ribbit1, uniq_duvessa
D:7:      led_sif_book, uniq_joseph, uniq_crazy_yiuf_cottage
D:8:      lemuel_coloured_pillars_altar
D:10:     minmay_bloctagon_deflated, dpeg_lair_monsters
D:11:     erik_orc_2, hangedman_fish_farm, lemuel_tele_altar
Temple:   regret_index_temple_sphere_string
Lair:1:   beast_lair_carwin_large_4, st_stairs_12, patterned_corridor
Lair:2:   lemuel_fruit_tree, grunt_megastairs_3
Lair:3:   elwin_shoals_entry_stream, spider_nest_entry_funnel_web,
          uniq_nergalle, uniq_sonja
Lair:4:   grunt_forest_small_clearing_treed, serial_bayou_shore_a,
          grunt_megastairs_1
Lair:5:   serial_bayou_shore_b, lemuel_fruit_fields, uniq_nessos
Lair:6:   hangedman_lair_tendril_chambers, guppyfry_lair_end_dragon,
          slime_altar_1, basic_altar, ice2_lemuel
Orc:1:    enter_volcano_2, serial_shops, shop
Volcano:  volcano_caves

Table legend:
 A = Turns spent in this place as a percentage of turns spent in the entire game.
 B = Non-inter-level travel turns spent in this place as a percentage of non-inter-level travel turns spent in the entire game.
 C = Inter-level travel turns spent in this place as a percentage of turns spent in this place.
 D = Turns resting spent in this place as a percentage of non-inter-level travel turns spent in this place.
 E = Turns spent auto-exploring this place as a percentage of non-inter-level travel turns spent in this place.
 F = Non-inter-level travel turns spent in this place divided by the number of levels of this place that you've seen.
                   A       B       C       D       E      F
               +-------+-------+-------+-------+-------+----------------------
         Total | 100.0 | 100.0 |   0.6 |   1.2 |   5.4 | 357.2
       Dungeon |  61.5 |  61.5 |   0.5 |   1.7 |   6.0 | 399.5
        Temple |   0.3 |   0.3 |  14.3 |   0.0 |  88.9 |  18.0
          Lair |  32.2 |  32.2 |   0.6 |   0.3 |   4.3 | 383.5
  Orcish Mines |   4.1 |   4.1 |   0.0 |   0.0 |   2.0 | 296.0
       Volcano |   1.9 |   1.9 |   0.0 |   0.0 |   0.0 | 134.0
               +-------+-------+-------+-------+-------+----------------------

Table legend:
 A = Kills in this place as a percentage of kills in entire the game.
 B = Kills by you in this place as a percentage of kills by you in the entire game.
 C = Kills by friends in this place as a percentage of kills by friends in the entire game.
 D = Other kills in this place as a percentage of other kills in the entire game.
 E = Experience gained in this place as a percentage of experience gained in the entire game.
 F = Experience gained in this place divided by the number of levels of this place that you have seen.
                   A       B       C       D       E      F
               +-------+-------+-------+-------+-------+----------------------
         Total | 100.0 | 100.0 |  -nan | 100.0 | 100.0 | 2654.0
       Dungeon |  59.4 |  58.6 |  -nan |  77.8 |  20.8 | 1006.1
          Lair |  31.4 |  32.5 |  -nan |   5.6 |  64.8 | 5729.2
  Orcish Mines |   7.4 |   7.7 |  -nan |   0.0 |   3.4 | 1793.0
       Volcano |   1.8 |   1.2 |  -nan |  16.7 |  11.0 | 5845.0
               +-------+-------+-------+-------+-------+----------------------
